Map: Abyssal Reef LE

Players

SamuraiFunn - Winner!

  • Race: Protoss Protoss
  • Spawn Location: 5:00

A.I. 1 (Harder)

  • Race: Zerg Zerg
  • Spawn Location: 11:00

VOD

Have the link to the VOD?

Description

Time

  • Played on: Oct. 28, 2017, 3:45 p.m.
  • Length: 11:30
Show
View Real Time Build Order
Export as new Build Order

SamuraiFunn Protoss - Winner!

Build Orders:  

Get SALT Encoding   

  12  0:01  Probe (Chrono Boost)  
  13  0:12  Probe (Chrono Boost)  
  14  0:18  Pylon  
  14  0:23  Probe (Chrono Boost)  
  15  0:36  Probe (Chrono Boost)  
  15  0:38  Gateway  
  16  0:47  Probe (Chrono Boost)  
  17  0:58  Assimilator  
  17  1:00  Probe (Chrono Boost)  
  18  1:06  Gateway  
  18  1:11  Probe (Chrono Boost)  
  19  1:21  Probe (Chrono Boost), Pylon  
  20  1:31  Assimilator  
  20  1:33  Zealot  
  22  2:01  Zealot x2  
  24  2:06  Probe (Chrono Boost), Pylon  
  27  2:13  Gateway  
  27  2:16  Probe (Chrono Boost)  
  28  2:27  Probe (Chrono Boost)  
  29  2:30  Pylon  
  29  2:33  Zealot  
  29  2:36  Zealot  
  33  2:47  Cybernetics Core  
  33  3:17  Zealot  
  33  3:18  Nexus  
  35  3:25  Stalker  
  37  3:41  Pylon, Stalker  
  39  3:57  Probe (Chrono Boost)  
  39  3:58  Pylon  
  39  4:00  Stalker  
  42  4:07  Probe (Chrono Boost)  
  43  4:10  Stalker  
  45  4:18  Probe (Chrono Boost)  
  46  4:31  Stalker x2  
  50  4:42  Gateway, Probe (Chrono Boost)  
  50  4:44  Probe (Chrono Boost)  
  52  4:53  Probe (Chrono Boost)  
  53  5:01  Stalker  
  53  5:06  Probe (Chrono Boost)  
  56  5:08  Probe (Chrono Boost)  
  56  5:10  Stalker  
  59  5:18  Probe (Chrono Boost)  
  59  5:20  Robotics Facility  
  60  5:34  Stalker  
  62  5:39  Probe (Chrono Boost)  
  63  5:44  Probe (Chrono Boost)  
  63  5:45  Pylon  
  63  5:49  Probe (Chrono Boost)  
  65  5:55  Probe (Chrono Boost)  
  66  6:00  Probe (Chrono Boost)  
  67  6:05  Forge  
  67  6:06  Probe (Chrono Boost)  
  67  6:08  Forge  
  67  6:10  Probe (Chrono Boost)  
  69  6:16  Probe (Chrono Boost)  
  60  6:33  Zealot x4  
  68  6:53  Observer  
  69  7:00  Stalker x2  
  73  7:05  Gateway  
  73  7:06  Gateway  
  73  7:08  Stalker x2  
  73  7:14  Observer  
  78  7:36  Pylon  
  78  7:42  Nexus  
  78  7:47  Pylon  
  78  7:53  Pylon  
  78  7:54  Stalker x4  
  86  8:02  Pylon  
  86  8:03  Protoss Ground Weapons Level 1  
  86  8:07  Pylon  
  86  8:19  Immortal  
  90  8:23  Twilight Council  
  90  8:24  Stalker x2  
  90  8:25  Zealot x3  
  100  8:40  Probe (Chrono Boost)  
  101  8:50  Probe (Chrono Boost)  
  101  8:55  Pylon  
  102  8:58  Immortal  
  102  9:01  Probe (Chrono Boost)  
  107  9:08  Stalker  
  107  9:09  Stalker x5  
  119  9:11  Probe (Chrono Boost)  
  120  9:22  Probe (Chrono Boost)  
  101  9:38  Zealot  
  101  9:39  Zealot  
  99  10:13  Stalker x5  
  99  10:14  Stalker  
  109  10:43  Stalker x5  
  109  10:44  Zealot  
  117  11:09  Twilight Council  
Show
View Real Time Build Order
Export as new Build Order

A.I. 1 (Harder) Zerg 

Build Orders: Pool First, Muta Ling Bane, Zergling Baneling 

Get SALT Encoding   

  12  0:01  Drone  
  13  0:12  Overlord  
  13  0:17  Drone  
  14  0:30  Drone x2  
  16  0:42  Spawning Pool  
  16  0:46  Drone  
  16  0:50  Drone  
  16  0:53  Extractor  
  16  0:56  Drone  
  17  1:06  Overlord  
  17  1:31  Zergling x2, Queen  
  20  1:35  Zergling x2  
  20  1:38  Drone  
  20  1:39  Roach Warren  
  21  1:40  Extractor  
  20  1:49  Drone  
  21  1:57  Baneling Nest  
  21  2:00  Drone  
  21  2:10  Drone  
  22  2:21  Zergling x2  
  23  2:32  Drone  
  24  2:38  Zergling x2, Overlord  
  24  2:42  Zergling x2  
  26  2:45  Zergling x2  
  26  2:49  Baneling x4  
  27  2:54  Drone  
  28  3:03  Baneling  
  28  3:05  Zergling x2  
  29  3:08  Metabolic Boost  
  29  3:09  Baneling, Zergling x2  
  30  3:13  Zergling x2  
  30  3:17  Zergling x2  
  32  3:24  Overlord  
  32  3:27  Zergling x2  
  33  3:38  Zergling x2  
  34  3:42  Zergling x2  
  34  3:45  Zergling x2  
  36  3:49  Zergling x2  
  36  3:53  Baneling x5  
  37  3:56  Zergling x2  
  37  4:01  Zergling x2  
  39  4:05  Baneling  
  39  4:12  Zergling x2  
  39  4:13  Drone  
  39  4:16  Overlord  
  41  4:20  Drone  
  41  4:24  Drone  
  43  4:34  Drone, Evolution Chamber  
  43  4:45  Drone x3  
  45  5:51  Lair, Overlord  
  45  5:52  Zerg Melee Weapons Level 1  
  45  6:01  Hatchery  
  44  6:10  Drone  
  33  6:41  Zergling x2, Baneling  
  34  6:48  Baneling  
  34  6:49  Burrow  
  34  6:51  Spire  
  33  7:12  Centrifical Hooks  
  33  7:13  Drone x2  
  33  7:14  Drone x3  
  33  7:15  Drone x4  
  41  7:16  Drone x4  
  41  7:20  Extractor  
  45  7:23  Drone  
  45  7:25  Drone  
  45  7:29  Drone  
  48  7:31  Drone  
  48  7:34  Drone  
  48  7:36  Drone  
  51  7:40  Drone  
  52  7:44  Drone  
  52  7:46  Zerg Ground Armor Level 1  
  52  7:50  Overlord  
  53  7:55  Drone x2  
  53  7:57  Drone  
  56  8:04  Mutalisk  
  58  8:08  Overlord  
  58  8:10  Extractor  
  58  8:11  Mutalisk  
  59  8:17  Spore Crawler  
  59  8:18  Mutalisk  
  60  8:20  Drone, Spore Crawler  
  60  8:24  Spore Crawler  
  60  8:25  Mutalisk  
  60  8:26  Spore Crawler  
  60  8:30  Queen  
  60  8:32  Mutalisk  
  60  8:33  Drone x2  
  60  8:34  Drone  
  67  8:39  Overlord  
  67  8:40  Mutalisk  
  69  8:42  Infestation Pit  
  68  8:49  Drone  
  68  8:53  Mutalisk  
  71  8:57  Spine Crawler  
  71  8:59  Drone  
  71  9:00  Spine Crawler  
  71  9:01  Drone  
  71  9:02  Mutalisk  
  71  9:07  Drone, Spine Crawler  
  73  9:12  Spine Crawler  
  73  9:15  Queen  
  73  9:17  Zergling x2  
  65  9:24  Overseer  
  65  9:25  Baneling  
  59  9:32  Zergling x2  
  58  9:40  Zergling x2, Overseer  
  54  9:47  Zergling x2  
  54  9:52  Hive  
  54  9:53  Roach  
  54  9:54  Roach  
  54  9:56  Roach  
  54  9:58  Drone x2  
  54  9:59  Drone  
  57  10:00  Roach  
  57  10:03  Roach  
  55  10:07  Roach  
  55  10:09  Drone  
  47  10:14  Baneling x2  
  47  10:20  Mutalisk  
  45  10:25  Drone  
  45  10:27  Mutalisk  
  44  10:31  Roach  
  44  10:33  Drone  
  35  10:36  Drone  
  35  10:37  Zergling x2  
  35  10:38  Zergling x2, Roach  
  33  10:43  Zergling x2  
  30  10:53  Drone  
  29  10:59  Zergling x2, Roach  
  29  11:03  Zergling x2  
  23  11:08  Zergling x2, Drone  
Tags
 
Add a new tag
Caveats
  • Supply blocks, unpowered buildings, or Contaminate may cause inaccurate times.
  • Supply counts are checked every 10 seconds.